 Dungeon Crawl Stone Soup version 0.13-a0-2700-g8dc4729 (webtiles) character file.

15266 4tharraofdagon the Spear-Bearer (level 11, -1/96 HPs)
             Began as a Djinni Fighter on Aug 15, 2013.
             Was an Elder of Makhleb.
             Slain by a water moccasin (3 damage)
             ... on Level 8 of the Lair of Beasts.
             The game lasted 00:57:17 (7251 turns).

4tharraofdagon the Spear-Bearer (Djinni Fighter)    Turns: 7251, Time: 00:57:17

HP  -1/96        AC 17     Str 23      XL: 11   Next: 93%
MP   0/0         EV  6     Int  6 (9)  God: Makhleb [****..]
Gold 475         SH  0     Dex 13      Spells:  0 memorised, 10 levels left

Res.Fire  : + + +   See Invis. : .   w - +4 scythe (slay drac)
Res.Cold  : x . .   Warding    : .   H - +0 orc plate armour
Life Prot.: + + +   Conserve   : +   (no shield)
Res.Poison: .       Res.Corr.  : .   S - +0 helmet
Res.Elec. : .       Clarity    : .   (no cloak)
Sust.Abil.: . .     Spirit.Shd : .   M - +0 pair of elf gauntlets {Str+3}
Res.Mut.  : .       Stasis     : .   (boots unavailable)
Res.Rott. : .       Flight     : .   Z - amulet of conservation
Saprovore : . . .                    C - ring of regeneration
                                     K - +1 ring of dexterity

@: mildly poisoned, somewhat resistant to hostile enchantments, extremely
unstealthy
A: fire immunity, cold vulnerability, life protection 3
a: Minor Destruction, Lesser Servant of Makhleb, Major Destruction, Renounce
Religion


You were on level 8 of the Lair of Beasts.
You worshipped Makhleb.
Makhleb was extremely pleased with you.
You were not hungry.

You visited 3 branches of the dungeon, and saw 22 of its levels.

You collected 776 gold pieces.
You spent 321 gold pieces at shops.

Inventory:

Hand weapons
 a - a +0,+0 hand axe {=f}
 k - a +3,+1 anti-magic trident
 w - a +4,+4 scythe of dragon slaying (weapon)
 D - a +0,+2 great mace of distortion
 J - a -1,+0 orcish glaive
Missiles
 g - 10 darts (quivered)
 r - a throwing net
 N - a large rock
Armour
 b - a +0 scale mail
 c - a +0 shield
 f - a +0 orcish plate armour
 n - a +0 scale mail
 H - a +0 orcish plate armour (worn)
 M - a +0 pair of elven gauntlets of strength (worn)
 S - a +0 helmet (worn)
Magical devices
 p - a wand of digging (5)
 q - a wand of fire (0)
 u - a wand of frost (3)
 B - a wand of polymorph (17)
Scrolls
 e - 2 scrolls of magic mapping
 i - 4 scrolls of remove curse
 m - a scroll of random uselessness
 s - a scroll of enchant armour {unknown}
 y - 3 scrolls of fog
 A - a scroll of fear
 E - a scroll of amnesia {unknown}
 F - 3 scrolls of immolation {unknown}
 L - a scroll of silence {unknown}
 U - a scroll of summoning {unknown}
 V - a scroll of identify
Jewellery
 t - an uncursed ring of sustenance
 C - a ring of regeneration (right hand)
 I - an uncursed amulet of warding
 K - a +1 ring of dexterity (left hand)
 X - an uncursed amulet of guardian spirit
 Z - an amulet of conservation (around neck)
Potions
 d - 3 potions of restore abilities
 h - a potion of might
 j - 3 potions of curing
 o - 2 potions of heal wounds
 z - a potion of resistance
 O - a potion of speed
 P - a potion of invisibility
 Q - a potion of paralysis
 W - a potion of berserk rage
 Y - a potion of confusion
Books
 v - a book of the Warp

   Spells                             Type                      Level
   Recall                             Summoning/Translocation      3
   Control Teleport                   Charms/Translocation         4
   Phase Shift                        Translocation                5
   Warp Weapon                        Charms/Translocation         5
   Dispersal                          Translocation                6
   Controlled Blink                   Translocation                7
   Disjunction                        Translocation                8
 x - a book of Spatial Translocations

   Spells                             Type                      Level
   Apportation                        Translocation                1
   Portal Projectile                  Translocation                2
   Blink                              Translocation                2
   Shroud of Golubria                 Charms/Translocation         2
   Teleport Other                     Translocation                3
   Passage of Golubria                Translocation                4
 R - a book of Battle

   Spells                             Type                      Level
   Infusion                           Charms                       1
   Shroud of Golubria                 Charms/Translocation         2
   Song of Slaying                    Charms                       2
   Spectral Weapon                    Hexes/Charms                 3
   Regeneration                       Charms/Necromancy            3
   Song of Shielding                  Charms                       4
Magical staves
 l - an uncursed staff of air
Miscellaneous
 T - a bottled efreet


   Skills:
 + Level 9.1 Fighting
 - Level 2.4 Axes
 * Level 13.7 Polearms
 + Level 10.8 Armour
   Level 3.0 Shields
 + Level 6.2 Invocations


You had 10 spell levels left.
You didn't know any spells.

Dungeon Overview and Level Annotations

Branches:
Dungeon (13/27)            Temple (1/1) D:5             Orc (0/4) D:9
   Lair (8/8) D:10          Swamp (0/5) Lair:4
 Shoals: Lair:3-6     Snake: Lair:3-6    Spider: Lair:3-6     Slime: Lair:6-8

Altars:
Cheibriados
Fedhas
Kikubaaqudgha
Makhleb
Nemelex Xobeh
Okawaru
Trog
Vehumet
Zin
the Shining One

Shops:
D:7: % D:12: ![

Portals:
Trove: D:12 (give +4 ice dragon armour)

Annotations
D:4 M4edhros' ghost, average OpAr; Purgy
D:6 Prince Ribbit
D:7 4 exclusions
D:8 Edmund; Joseph
D:11 Nergalle


Innate Abilities, Weirdness & Mutations

You are immune to all types of fire, even holy and hellish.
You are vulnerable to cold.
You need no food.
You have no legs.
You are immune to negative energy.


Message History

Press: ? - help, Dir - move target cursor, f - water moccasin
Aim: a water moccasin (heavily wounded)
You reach to attack!
You miss the water moccasin.
The water moccasin is heavily wounded.
Your green death hits the spiny frog.
The water moccasin bites you but does no damage.
The green rat bites you but does no damage.
The spiny frog stings you!
* * * LOW HITPOINT WARNING * * *
You are poisoned.
The spiny frog poisons you!
You barely miss the water moccasin.
The water moccasin is heavily wounded.
The water moccasin bites you but does no damage.
Your green death hits the spiny frog but does no damage.
The spiny frog stings you!
* * * LOW HITPOINT WARNING * * *
The green rat bites you but does no damage.
The water moccasin bites you.
You die...

.....j..
........#
.....f..
###..f#.#
#.#..... #
#..f..## ...
#..f2.#......
##SF.%........
#@r##.......
###Sr.......
#........
#...... .....
.P.. . .


You could see a spiny frog, 2 water moccasins, 2 green rats and a friendly green
death.

Vanquished Creatures
  The ghost of horsemans the Bludgeoner, a powerful MiFi of Okawaru (Lair:6)
  Harold (D:11)
  A hydra (Lair:2)
  A swamp dragon (Lair:4)
  A hill giant (D:13)
  2 griffons
  2 cyclopes (D:12)
  3 spiny frogs
  2 wandering mushrooms (D:11)
  2 trolls
  A komodo dragon (Lair:3)
  A two-headed ogre (D:7)
  A shadow (D:12)
  10 yaks
  A steam dragon (Lair:2)
  A hippogriff (Lair:4)
  5 necrophages (Lair:3)
  A manticore (D:11)
  A naga (D:10)
  2 porcupines
  An ice beast (D:7)
  2 sky beasts (D:11)
  3 orc warriors
  2 phantoms
  8 ogres
  4 crocodiles
  2 centaurs
  Sigmund (D:7)
  A big kobold (D:9)
  A brain worm (D:12)
  4 giant slugs
  4 giant frogs
  7 water moccasins
  An agate snail (Lair:3)
  A manticore zombie (D:9)
  A troll skeleton (D:7)
  A goliath beetle (D:10)
  5 crimson imps
  6 hounds
  3 jellies
  7 iguanas
  2 orc priests (D:10)
  A scorpion (D:4)
  5 orc wizards
  A spectral orc (D:12)
  10 worker ants
  3 ogre skeletons
  10 gnolls
  9 adders
  21 green rats
  4 giant mites
  2 worms (D:3)
  2 giant eyeballs
  6 giant geckos
  3 oozes
  24 orcs
  6 bats
  A giant cockroach (D:10)
  13 goblins
  9 hobgoblins
  12 jackals
  3 quokkas
  4 training dummies (D:5)
  A giant spore (D:7)
  13 kobolds
  A kobold zombie (D:5)
  9 rats
  A rat skeleton (D:4)
  A ballistomycete (D:7)
282 creatures vanquished.

Vanquished Creatures (collateral kills)
  A hydra (Lair:2)
  A hill giant (D:10)
  2 spiny frogs
  2 yaks (Lair:8)
  A giant slug (Lair:4)
  A giant frog (Lair:2)
  A hound (Lair:2)
  An iguana (Lair:4)
  An adder (Lair:2)
  3 green rats (Lair:8)
  A giant centipede (Lair:2)
  A quokka (Lair:5)
  A giant newt (Lair:4)
17 creatures vanquished.

Vanquished Creatures (others)
  An orange demon (D:13)
  2 smoke demons
  A ynoxinul (D:13)
  2 neqoxecs
  A giant frog (D:12)
  2 jellyfish (D:12)
  2 crimson imps (Lair:6)
  3 electric eels (D:12)
  2 quasits (Lair:6)
  4 iron imps (Lair:6)
  A worker ant (D:5)
  7 lemures (Lair:6)
  A shadow imp (Lair:6)
  5 white imps (Lair:6)
  3 ufetubi (Lair:6)
  A hobgoblin (D:5)
  A rat (D:5)
  5 fungi
44 creatures vanquished.

Grand Total: 343 creatures vanquished

Notes
Turn   | Place    | Note
--------------------------------------------------------------
     0 | D:1      | 4tharraofdagon, the Djinni Fighter, began the quest for the Orb.
     0 | D:1      | Reached XP level 1. HP: 16/16 MP: 0/0
   178 | D:1      | Reached XP level 2. EP: 22/22
   399 | D:3      | Reached XP level 3. EP: 26/29
   415 | D:3      | Bloax: wow
   514 | D:3      | Reached skill level 1 in Polearms
   596 | D:3      | Found a radiant altar of Vehumet.
   606 | D:3      | Reached skill level 4 in Armour
   674 | D:3      | Bloax: maybe you should just use the trident
   674 | D:3      | Reached XP level 4. EP: 35/35
   688 | D:3      | Bloax: it does a bit more damage with 1 less accuracy
   690 | D:3      | 4tharraofdagon: ye
   747 | D:3      | Bloax: not to mention that it'd be good against sigmund and the like
   754 | D:3      | 4tharraofdagon: cool,i'd die w/o you tbh lol
   823 | D:4      | Bloax: oh lookie d:3 long sword
   846 | D:4      | bmfx: imo djinn should not be able to wield antimagic, like undead/ds can't wield holy
   851 | D:4      | Bloax: i think i once found my first long sword on like D:11
   971 | D:4      | Noticed M4edhros' ghost (average OpAr)
  1009 | D:5      | Entered Level 5 of the Dungeon
  1029 | D:4      | Reached XP level 5. EP: 34/41
  1039 | D:4      | Noticed Purgy
  1059 | D:4      | Bloax: uselessness
  1064 | D:4      | Bloax: ah
  1066 | D:4      | Bloax: broorc
  1067 | D:4      | 4tharraofdagon: i cant reach with plate?
  1067 | D:4      | Bloax: just gtfo down
  1204 | D:5      | Noticed an ogre
  1251 | D:6      | Noticed an orc warrior
  1339 | D:4      | Noticed an ogre
  1473 | D:5      | Found an iron altar of Okawaru.
  1539 | D:5      | Noticed an ogre
  1547 | D:5      | Noticed a centaur
  1550 | D:5      | Bloax: nice
  1555 | D:5      | Killed an ogre
  1555 | D:5      | Reached skill level 5 in Armour
  1555 | D:5      | Reached XP level 6. EP: 28/49
  1559 | D:5      | Killed a centaur
  1738 | D:5      | Killed an ogre
  1738 | D:5      | Reached skill level 5 in Polearms
  1738 | D:5      | Reached XP level 7. EP: 26/54
  1876 | D:6      | Noticed an ogre
  1888 | D:6      | Killed an ogre
  1970 | D:6      | Bloax: readid?
  1991 | D:6      | Noticed a phantom
  2043 | D:7      | Paralysed by a giant eyeball for 2 turns
  2049 | D:7      | Killed a phantom
  2049 | D:7      | Reached skill level 6 in Polearms
  2145 | D:7      | Reached skill level 5 in Fighting
  2283 | D:6      | Bloax: good thing you aren't rC- right
  2286 | D:6      | Bloax: RIGHT
  2315 | D:7      | Noticed a two-headed ogre
  2318 | D:7      | Killed a two-headed ogre
  2318 | D:7      | Reached skill level 7 in Polearms
  2318 | D:7      | Reached XP level 8. EP: 48/62
  2390 | D:7      | Bloax: mmm
  2392 | D:7      | Noticed Sigmund
  2396 | D:7      | Killed Sigmund
  2430 | D:7      | Bloax: 1.7/1.8
  2433 | D:7      | Bloax: terrible
  2576 | D:7      | Reached skill level 8 in Polearms
  2578 | D:7      | Bloax: (you can't kite with something that slow)
  2596 | D:7      | Bloax: oh look jellyvault
  2821 | D:6      | Noticed a phantom
  2823 | D:6      | Noticed Prince Ribbit
  2828 | D:6      | Bloax: gibbit
  2898 | D:5      | 4tharraofdagon: temple crisi
  2971 | D:5      | Found a staircase to the Ecumenical Temple.
  2980 | D:5      | Bloax: templee
  2981 | Temple   | Entered the Ecumenical Temple
  2985 | Temple   | Bloax: yeahh
  2990 | Temple   | Became a worshipper of Makhleb the Destroyer
  3064 | D:5      | Bloax: i solemnly swear i am up to no good
  3138 | D:7      | Found Mounyiq's Food Shoppe.
  3146 | D:7      | Bloax: food shop!
  3164 | D:7      | Bloax: just what you needed
  3165 | D:8      | Noticed Joseph
  3511 | D:9      | Bloax: hey
  3512 | D:9      | Bloax: three corpses
  3550 | D:8      | Reached XP level 9. EP: 52/69
  3636 | D:8      | Noticed Edmund
  3662 | D:10     | Entered Level 10 of the Dungeon
  3690 | D:10     | Reached skill level 9 in Polearms
  3692 | D:10     | Acquired Makhleb's first power
  3927 | D:10     | Bloax: yay
  3935 | D:10     | Bloax: weapon!
  3939 | D:10     | Bloax: regen!
  3939 | D:10     | 4tharraofdagon: better?
  3939 | D:10     | Bloax: Halberd?
  3939 | D:10     | 4tharraofdagon: halberd>+4scythe?
  3939 | D:10     | Bloax: well it's delay is 1.5
  3939 | D:10     | Bloax: instead of 2.0
  3941 | D:11     | Bloax: which is considerably better
  3974 | D:11     | Noticed Harold
  3984 | D:11     | Bloax: antimagic
  3993 | D:11     | Bloax: though wait
  3994 | D:11     | Killed Harold
  3994 | D:11     | Reached skill level 10 in Polearms
  3995 | D:11     | Bloax: rhellfire l0l
  3996 | D:11     | Noticed a hill giant
  3997 | D:11     | Noticed a dragon
  3997 | D:11     | a hill giant changed into a dragon
  3998 | D:11     | Bloax: yay
  3998 | D:11     | 4tharraofdagon: gda
  3998 | D:11     | Bloax: dragon slaying
  3998 | D:11     | Bloax: now step up
  3998 | D:11     | Bloax: so that you won't get trampled into the water
  3998 | D:11     | Bloax: though you might wanna might up
  3998 | D:11     | 4tharraofdagon: hmm
  3998 | D:11     | Bloax: It can't hurt you with its breath.
  3998 | D:11     | Bloax: though your scrolls are gonna go poof
  3998 | D:11     | 4tharraofdagon: i know but it also hits hard
  4038 | D:10     | Bloax: what are you skilling
  4041 | D:10     | Bloax: btw
  4050 | D:10     | Bloax: cool
  4050 | D:10     | 4tharraofdagon: goin to turn invo asap
  4106 | D:9      | Bloax: honestly a better weapon would be good
  4112 | D:9      | Reached XP level 10. EP: 73/78
  4168 | D:9      | Bloax: I mean I'm no dpshero expert but attacking that slowly is kind of bad.
  4217 | D:9      | Acquired Makhleb's second power
  4219 | D:9      | Found a staircase to the Orcish Mines.
  4252 | D:9      | Reached skill level 11 in Polearms
  4339 | D:9      | Bloax: Any invocations available?
  4340 | D:9      | Bloax: yus
  4419 | D:10     | Bloax: yo
  4422 | D:10     | Bloax: got wands
  4433 | D:10     | Bloax: whatevs
  4614 | D:10     | Reached skill level 1 in Invocations
  4618 | D:10     | Bloax: weapon get
  4769 | D:10     | Bloax: hey remember when bardiches, exec axes and triple swords were all damage 20
  4769 | D:10     | 4tharraofdagon: its only 0.3 in difference
  4812 | D:10     | 4tharraofdagon: what pressure plate makes
  4812 | D:10     | Bloax: gas clouds
  4812 | D:10     | Bloax: poison/fire/frost
  4812 | D:10     | Bloax: frost would probably be instadeath
  4874 | D:10     | Noticed a hill giant
  5042 | D:11     | Noticed Nergalle
  5061 | D:12     | Acquired Makhleb's third power
  5084 | D:12     | Found Venlif's Antique Armour Shoppe.
  5088 | D:12     | Bought a pair of runed elven gauntlets for 36 gold pieces
  5092 | D:12     | Bloax: yum
  5130 | D:12     | Bloax: 7.7% bonus base damage
  5152 | D:12     | Noticed a cyclops
  5170 | D:12     | Bloax: ruh roh
  5171 | D:12     | Bloax: good thing there's a
  5173 | D:12     | Bloax: door
  5198 | D:12     | Killed a cyclops
  5219 | D:12     | Found a portal to a secret trove of treasure.
  5228 | D:12     | Found Temac's Distillery.
  5237 | D:12     | Reached skill level 12 in Polearms
  5250 | D:12     | Bought a potion of speed for 71 gold pieces
  5250 | D:12     | Bought a potion of heal wounds for 39 gold pieces
  5250 | D:12     | Bought a potion of invisibility for 71 gold pieces
  5250 | D:12     | Bought a potion of curing for 26 gold pieces
  5250 | D:12     | Bought a potion of curing for 26 gold pieces
  5250 | D:12     | Bought a potion of paralysis for 13 gold pieces
  5251 | D:12     | Bought a potion of restore abilities for 39 gold pieces
  5275 | D:12     | Bloax: wat da trove
  5278 | D:12     | Noticed a cyclops
  5354 | D:12     | 4tharraofdagon: +5ida
  5359 | D:12     | Bloax: argh
  5362 | D:12     | Bloax: no go
  5417 | D:12     | Killed a cyclops
  5495 | D:13     | Noticed a griffon
  5496 | D:13     | Noticed a hill giant
  5538 | D:13     | Killed a hill giant
  5545 | D:13     | Killed a griffon
  5545 | D:13     | Reached XP level 11. EP: 57/92
  5597 | D:12     | Bloax: bye scrolls
  5765 | D:10     | Killed a hill giant
  5777 | D:10     | Found a staircase to the Lair.
  5784 | Lair:1   | Entered Level 1 of the Lair of Beasts
  5921 | Lair:1   | Noticed a seven-headed hydra
  5988 | Lair:2   | Noticed a seven-headed hydra
  6006 | Lair:2   | Reached skill level 10 in Armour
  6006 | Lair:2   | Killed a seven-headed hydra
  6052 | Lair:2   | Noticed a six-headed hydra
  6082 | Lair:2   | Killed a seven-headed hydra
  6272 | Lair:3   | Noticed a six-headed hydra
  6427 | Lair:3   | Acquired Makhleb's fourth power
  6451 | Lair:2   | Reached skill level 5 in Invocations
  6497 | Lair:1   | Reached skill level 13 in Polearms
  6654 | Lair:4   | Bloax: oh good i thought you died
  6730 | Lair:4   | Noticed a swamp dragon
  6731 | Lair:4   | Found a staircase to the Swamp.
  6745 | Lair:4   | Killed a swamp dragon
  6796 | Lair:3   | Acquired Makhleb's fifth power
  6946 | Lair:5   | Noticed a four-headed hydra
  7080 | Lair:6   | Noticed horsemans' ghost (powerful MiFi)
  7107 | Lair:6   | Bloax: jesus christ all these summons
  7108 | Lair:6   | Killed horsemans' ghost
  7209 | Lair:6   | Noticed a six-headed hydra
  7222 | Lair:8   | Entered Level 8 of the Lair of Beasts
  7234 | Lair:8   | Noticed an Executioner
  7251 | Lair:8   | HP: 2/96 [spiny frog (8)]
  7251 | Lair:8   | Slain by a water moccasin

Action                   |  1- 3 |  4- 6 |  7- 9 | 10-12 || total
-------------------------+-------+-------+-------+-------++-------
Melee: Hand axe          |   114 |     3 |       |       ||   117
       Trident           |    19 |   126 |    84 |       ||   229
       Scythe            |       |       |   221 |   520 ||   741
       Glaive            |       |       |       |     9 ||     9
Throw: Dart              |       |       |     5 |       ||     5
Invok: Lesser Servant of |       |       |       |    13 ||    13
       Greater Servant o |       |       |       |     2 ||     2
Evoke: Wand              |       |     3 |    16 |    10 ||    29
  Use: Scroll            |       |     8 |     5 |    10 ||    23
       Potion            |       |       |     1 |     5 ||     6
 Stab: Distracted        |       |       |       |     1 ||     1
       Fleeing           |       |       |       |     1 ||     1
